 Dungeon Crawl Stone Soup version 0.23-a0-650-ga4d50d4d25 (webtiles) character file.

447 Napalmbreeze the Chopper (level 6, 0/48 HPs)
             Began as a Demonspawn Monk on Jan 5, 2019.
             Slain by an ogre
             ... wielding a +0 giant club
              (16 damage)
             ... on level 4 of the Dungeon.
             The game lasted 00:09:46 (3543 turns).

Napalmbreeze the Chopper (Demonspawn Monk)          Turns: 3543, Time: 00:09:46

Health: 0/48       AC:  6    Str: 14    XL:     6   Next: 73%
Magic:  6/6        EV: 12    Int: 11    God:
Gold:   125        SH:  0    Dex: 15    Spells: 5/5 levels left

rFire    . . .     SeeInvis .   b - +0 dagger (venom)
rCold    + . .     Gourm    .   (no shield)
rNeg     . . .     Faith    .   e - +0 ring mail
rPois    .         Spirit   .   d - +0 helmet
rElec    .         Reflect  .   (no cloak)
rCorr    .         Harm     .   (no gloves)
MR       .....                  (no boots)
Stlth    +.........             (no amulet)
HPRegen  0.16/turn              (no ring)
MPRegen  0.10/turn              (no ring)

@: no status effects
A: talons 1, cold resistance 1, rot immunity
a: no special abilities


You were on level 4 of the Dungeon.
You were not hungry.

You visited 1 branch of the dungeon, and saw 4 of its levels.

You collected 125 gold pieces.

Inventory:

Hand Weapons
 a - a +0 hand axe
 b - a +0 dagger of venom (weapon)
 x - a +1 whip of flaming
Missiles
 s - a throwing net (quivered)
Armour
 d - a +0 helmet (worn)
 e - a +0 ring mail (worn)
Wands
 n - a wand of disintegration (17)
Scrolls
 f - a scroll of blinking {unknown}
 h - 2 scrolls of enchant armour {unknown}
 j - a scroll of random uselessness {unknown}
 k - 3 scrolls of magic mapping {unknown}
 m - a scroll of immolation {unknown}
 p - a scroll of fog {unknown}
 q - 2 scrolls of identify {unknown}
 r - 2 scrolls of amnesia {unknown}
 u - a scroll of noise {unknown}
 v - 2 scrolls of remove curse {unknown}
Potions
 g - 2 potions of flight {unknown}
 i - 2 potions of curing {unknown}
 l - 2 potions of agility {unknown}
 o - a potion of brilliance {unknown}
 w - a potion of lignification {unknown}
 z - 2 potions of heal wounds {unknown}
Comestibles
 c - 7 rations
 t - 4 chunks of flesh


   Skills:
 + Level 4.2 Fighting
 * Level 4.9 Axes
 + Level 2.5 Armour
 + Level 3.9 Dodging
 - Level 1.7 Stealth


You had 5 spell levels left.
You didn't know any spells.
Your spell library contained the following spells:

 Spells                   Type           Power        Failure   Level  Hunger
 Animate Skeleton         Necr           N/A          56%         1    ##.....
 Apportation              Tloc           #.....       56%         1    ##.....
 Confusing Touch          Hex            #.....       56%         1    ##.....
 Summon Small Mammal      Summ           #...         56%         1    ##.....


Dungeon Overview and Level Annotations

Branches:
Dungeon (4/15)
 Temple: D:4-7

Altars:
Dithmenos


Innate Abilities, Weirdness & Mutations

You have sharp toenails.
Your flesh is cold resistant. (rC+)
You are immune to rotting.


Message History

Your +0 dagger of venom begins to drip with poison!
b - a +0 dagger of venom (weapon)
You hit the ogre.
The ogre is lightly wounded.
The ogre closely misses you.
Unknown command.
You hit the ogre.
The ogre is poisoned.
You claw the ogre.
The ogre is moderately wounded.
The ogre hits you with a +0 giant club!!
Unknown command.
You hit the ogre.
The ogre is heavily wounded.
The ogre hits you with a +0 giant club!
* * * LOW HITPOINT WARNING * * *
Unknown command.
The ogre looks more healthy.
You hit the ogre but do no damage.
The ogre is poisoned.
The ogre is severely wounded.
The ogre hits you with a +0 giant club!
You die...

##.............#######.#
######....>.........##.#
....
####.#.#######.##.## ###
#.#.# #.#...# #.#.#
##.#.#.### #.#.#
###....#...###.# #.#.#
#....#####.....# #.#.#
#.#....#.......# #.#.#
#@##.#.#.......# #.#
#O##..[........#
#.##..###......# #.###.#
#......# #.# #. .......#
#.# ..>..oo... #.# ...
#.#####.#. #.........


You could see an ogre.

Vanquished Creatures
  The ghost of Acheron the Ducker, an amateur MfGl (D:3)
  A hound (D:4)
  A jelly (D:3)
  An iguana (D:4)
  Natasha (thrice) (D:2)
  A worker ant (D:4)
  4 adders
  7 gnolls
  An ooze (D:3)
  2 worms (D:2)
  A dart slug (D:1)
  An orc (D:3)
  2 giant cockroaches (D:2)
  6 goblins
  2 hobgoblins
  13 jackals
  7 bats
  5 frilled lizards
  A jackal skeleton (D:4)
  7 kobolds
  8 rats
75 creatures vanquished.

Notes
Turn   | Place    | Note
-------+----------+-------------------------------------------
     0 | D:1      | Napalmbreeze the Demonspawn Monk began the quest for the
                  | Orb.
     0 | D:1      | Reached XP level 1. HP: 18/18 MP: 1/1
   410 | D:1      | Gained mutation: You are immune to rotting. [demonic
                  | ancestry]
   410 | D:1      | Reached XP level 2. HP: 24/24 MP: 2/2
   991 | D:2      | Found a faded altar of an unknown god.
  1055 | D:2      | Gained mutation: Your flesh is cold resistant. (rC+)
                  | [demonic ancestry]
  1055 | D:2      | Reached XP level 3. HP: 16/29 MP: 3/3
  1367 | D:2      | Noticed Natasha
  1385 | D:2      | Killed Natasha
  1385 | D:2      | Reached skill level 1 in Armour
  1427 | D:2      | Reached XP level 4. HP: 29/35 MP: 4/4
  1556 | D:2      | Found a shadowy altar of Dithmenos.
  1648 | D:2      | Noticed Natasha
  1663 | D:2      | Killed Natasha
  1817 | D:2      | Found a faded altar of an unknown god.
  1846 | D:2      | Noticed Natasha
  1854 | D:2      | Killed Natasha
  1926 | D:2      | Found a shadowy altar of Dithmenos.
  1954 | D:3      | Gained mutation: You have sharp toenails. [demonic
                  | ancestry]
  1954 | D:3      | Reached XP level 5. HP: 42/42 MP: 5/5
  2814 | D:3      | Reached XP level 6. HP: 35/48 MP: 6/6
  2839 | D:3      | Found a runed door.
  2872 | D:3      | Noticed Acheron's ghost (amateur MfGl)
  2891 | D:3      | Killed Acheron's ghost
  3543 | D:4      | Slain by an ogre

Vault maps used:
D:1:      kennysheep_arrival_seaside
D:2:      nicolae_dithmenos_through_a_glass_darkly,
          chequers_ecumenical_altar_simple_redux, uniq_natasha
D:3:      ebering_ghost_reflecting_pool, item_on_display_a
D:4:      minitemple, first_ration, minmay_cut_off, uniq_blork_the_orc

Skill      XL: |  1  2  3  4  5 |
---------------+----------------+-----
Axes           | 3 4 |  4.9
Dodging        | 3 |  3.9
Armour         | 1 2 |  2.5
Fighting       | 4 |  4.2
Stealth        | |  1.7

Action                   |  1- 3 |  4- 6 || total
-------------------------+-------+-------++-------
Melee: Hand axe          |    78 |    16 ||    94
       Dagger            |    25 |   103 ||   128
       Kick              |       |    42 ||    42
       Whip              |       |    48 ||    48
  Eat: Chunk             |     2 |     7 ||     9
Armor: Robe              |    14 |       ||    14
       Ring mail         |    47 |    52 ||    99
Dodge: Dodged            |    88 |    99 ||   187

Table legend:
 A = Non-vault XP
 B = Vault XP
 C = Vault XP percentage of total XP
 D = Non-vault monster count
 E = Vault monster count
 F = Vault count percentage of total count
                 A         B        C        D         E       F
            +---------+---------+-------+---------+---------+-------
      Total |     488 |     151 |  23.6 |      73 |       2 |   2.7
            +---------+---------+-------+---------+---------+-------
        D:1 |      36 |       0 |   0.0 |      23 |       0 |   0.0
        D:2 |     148 |      36 |  19.6 |      22 |       1 |   4.3
        D:3 |     184 |     115 |  38.5 |      24 |       1 |   4.0
        D:4 |     120 |       0 |   0.0 |       4 |       0 |   0.0
            +---------+---------+-------+---------+---------+-------
